 Dungeon Crawl Stone Soup version 0.23-a0-673-g3803c42f16 (webtiles) character file.

560 Adamkad1 the Changer (level 7, 36/57 HPs)
             Began as a Red Draconian Transmuter on Jan 9, 2019.
             Quit the game on level 4 of the Dungeon.
             The game lasted 00:08:56 (5269 turns).

Adamkad1 the Changer (Red Draconian Transmuter)     Turns: 5269, Time: 00:08:57

Health: 36/57      AC:  7    Str: 13    XL:     7   Next: 9%
Magic:  11/13      EV: 13    Int: 13    God:
Gold:   240        SH:  0    Dex: 13    Spells: 4/14 levels left

rFire    + . .     SeeInvis .     - Unarmed
rCold    . . .     Gourm    .   (no shield)
rNeg     . . .     Faith    .   (armour unavailable)
rPois    .         Spirit   .   (helmet restricted)
rElec    .         Reflect  .   (no cloak)
rCorr    .         Harm     .   p - +0 pair of gloves
MR       .....                  (no boots)
Stlth    +.........             (no amulet)
HPRegen  0.19/turn              (no ring)
MPRegen  0.13/turn              (no ring)

@: no status effects
A: breathe fire, unfitting armour, fire resistance 1, cold-blooded, AC +6
a: Breathe Fire


You were on level 4 of the Dungeon.
You were hungry.

You visited 1 branch of the dungeon, and saw 4 of its levels.

You collected 240 gold pieces.

Inventory:

Missiles
 a - 36 arrows
Armour
 p - a +0 pair of gloves (worn)
Jewellery
 d - a +2 ring of strength
Scrolls
 e - 2 scrolls of magic mapping {unknown}
 f - 3 scrolls of fog {unknown}
 g - 3 scrolls of amnesia {unknown}
 h - 2 scrolls of identify {unknown}
 i - 3 scrolls of remove curse {unknown}
 o - a scroll of teleportation {unknown}
 r - 2 scrolls of immolation {unknown}
 t - a scroll of enchant weapon {unknown}
Potions
 b - a potion of resistance
 j - a potion of heal wounds {unknown}
 k - a potion of might
 m - a potion of agility {unknown}
 n - 2 potions of curing {unknown}
 q - a potion of ambrosia {unknown}
 s - a potion of lignification {unknown}
Comestibles
 c - 8 rations
 l - 2 chunks of flesh


   Skills:
 + Level 3.1 Fighting
 + Level 3.0 Dodging
 + Level 4.2 Unarmed Combat
 * Level 4.1 Spellcasting
 * Level 4.5 Transmutations


You had 4 spell levels left.
You knew the following spells:

 Your Spells              Type           Power        Failure   Level  Hunger
a - Beastly Appendage     Tmut           ##....       3%          1    None
b - Sticks to Snakes      Tmut           ##......     4%          2    ##.....
c - Spider Form           Tmut/Pois      #.........   24%         3    ###....
d - Ice Form              Ice/Tmut       #.......     63%         4    ####...

Your spell library contained the following spells:

 Spells                   Type           Power        Failure   Level  Hunger
 Animate Skeleton         Necr           N/A          21%         1    None
 Apportation              Tloc           #.....       21%         1    None
 Confusing Touch          Hex            #.....       21%         1    None
 Summon Small Mammal      Summ           #...         21%         1    None
 Blade Hands              Tmut           ##........   65%         5    ######.


Dungeon Overview and Level Annotations

Branches:
Dungeon (4/15)
 Temple: D:4-7

Altars:
Nemelex Xobeh
Okawaru
Qazlal

Annotations:
D:2 1 runed door


Innate Abilities, Weirdness & Mutations

You can breathe blasts of fire.
Your fiery red scales are hard. (AC +6)
You cannot fit into any form of body armour.
Your flesh is heat resistant. (rF+)
You are cold-blooded and may be slowed by cold attacks.


Message History

l - 2 chunks of flesh
Things that are here:
a +0 dagger; a +0 robe; an orc skeleton Your magical contamination has completely faded away.
You see here 2 stones.
There isn't anything to butcher here.
i - 3 scrolls labeled SOTZULI PUZIPN (gained 1)
Things that are here:
2 stones; a +0 dagger; a +0 robe There isn't anything to butcher here.
There isn't anything to butcher here.
Things that are here:
a +0 club; a javelin of penetration There isn't anything to butcher here.
There isn't anything to butcher here.
Things that are here:
2 stones; a +0 dagger; a +0 robe You see here 5 stones.
Okay, then.
Are you sure you want to abandon this character and quit the game? (Confirm

# ##^......##
#.).####.........###
.......'.........'.
#...####....(....##.
##.######.......##
........#.....##
....###.##...## . #
#.###'## #. #.# #@#
.##.###.###.######..
........#..().....#
#....##....####.#
##....##(....###
#.......)........
#.....)..#.#.###.#
#........###.#
###..........#


There were no monsters in sight!

Vanquished Creatures
  Edmund (D:4)
  3 orc priests (D:3)
  Natasha (thrice) (D:2)
  3 orc wizards
  A hound skeleton (D:4)
  Robin (D:2)
  3 gnolls
  3 adders (D:3)
  2 adder zombies (D:1)
  A worm (D:4)
  2 dart slugs
  2 leopard geckos
  13 orcs
  2 ball pythons
  7 bats
  5 giant cockroaches
  16 goblins
  10 hobgoblins
  3 jackals (D:1)
  6 frilled lizards
  5 kobolds
  2 leopard gecko skeletons (D:4)
  6 rats
100 creatures vanquished.

Notes
Turn   | Place    | Note
-------+----------+-------------------------------------------
     0 | D:1      | Adamkad1 the Draconian Transmuter began the quest for the
                  | Orb.
     0 | D:1      | Reached XP level 1. HP: 16/16 MP: 3/3
   155 | D:1      | Reached XP level 2. HP: 23/23 MP: 3/5
   621 | D:1      | Reached XP level 3. HP: 27/28 MP: 4/6
  1179 | D:2      | Found an iron altar of Okawaru.
  2051 | D:2      | Reached XP level 4. HP: 10/36 MP: 8/8
  2381 | D:2      | Noticed Natasha
  2382 | D:2      | Noticed Robin
  2435 | D:1      | Learned a level 2 spell: Sticks to Snakes
  2439 | D:1      | Learned a level 3 spell: Spider Form
  2530 | D:2      | Killed Robin
  2643 | D:2      | Found a runed door.
  2756 | D:2      | Killed Natasha
  2920 | D:2      | Noticed Natasha
  2928 | D:2      | Killed Natasha
  2928 | D:2      | Reached XP level 5. HP: 20/41 MP: 2/9
  3278 | D:2      | Noticed Natasha
  3287 | D:2      | Killed Natasha
  3716 | D:3      | Found a sparkling altar of Nemelex Xobeh.
  3716 | D:3      | Found a stormy altar of Qazlal.
  3753 | D:3      | Reached XP level 6. HP: 4/50 MP: 7/11
  4941 | D:4      | Noticed Edmund
  4954 | D:4      | Killed Edmund
  5213 | D:4      | Learned a level 4 spell: Ice Form
  5235 | D:4      | Your scales start taking on a fiery red colour.
  5235 | D:4      | Reached XP level 7. HP: 57/57 MP: 6/13
  5235 | D:4      | Gained mutation: Your flesh is heat resistant. (rF+) [Red
                  | Draconian growth]
  5269 | D:4      | Quit the game

Vault maps used:
D:1:      saegor_arrival_fortress
D:2:      okawaru_metal_pillars_3, uniq_natasha, uniq_robin,
          uniq_crazy_yiuf_cottage
D:3:      gammafunk_temple_overflow_statue, first_ration
D:4:      zin_scriptorium, temple_hall, uniq_ijyb, uniq_edmund

Skill      XL: |  1  2  3  4  5  6  7 |
---------------+----------------------+-----
Dodging        | 2 3 |  3.0
Fighting       | 2 3 |  3.1
Transmutations | 3 4 |  4.5
Spellcasting   | 3 4 |  4.1
Unarmed Combat | 4 |  4.2

Action                   |  1- 3 |  4- 6 |  7- 9 || total
-------------------------+-------+-------+-------++-------
Melee: Unarmed           |   139 |   155 |     9 ||   303
       Kick              |     8 |     5 |       ||    13
       Tailslap          |    11 |     3 |     1 ||    15
       Headbutt          |    10 |     3 |       ||    13
       Punch             |       |     1 |       ||     1
 Cast: Beastly Appendage |    27 |    14 |       ||    41
       Spider Form       |       |    22 |       ||    22
 Stab: Sleeping          |     1 |       |       ||     1
  Eat: Chunk             |     4 |    13 |       ||    17
Armor: Skin              |    72 |    18 |       ||    90
Dodge: Dodged            |   113 |   135 |     6 ||   254

Table legend:
 A = Non-vault XP
 B = Vault XP
 C = Vault XP percentage of total XP
 D = Non-vault monster count
 E = Vault monster count
 F = Vault count percentage of total count
                 A         B        C        D         E       F
            +---------+---------+-------+---------+---------+-------
      Total |     541 |     260 |  32.5 |      83 |      17 |  17.0
            +---------+---------+-------+---------+---------+-------
        D:1 |      61 |      15 |  19.7 |      28 |       4 |  12.5
        D:2 |     129 |      72 |  35.8 |      19 |      12 |  38.7
        D:3 |     239 |       0 |   0.0 |      26 |       0 |   0.0
        D:4 |     112 |     173 |  60.7 |      10 |       1 |   9.1
            +---------+---------+-------+---------+---------+-------
